 Dungeon Crawl Stone Soup version 0.19.0-18-g426998a (webtiles) character file.

48770 Gravenous the Destroyer (level 14, -6/86 HPs)
             Began as a Kobold Conjurer on Nov 10, 2016.
             Was a High Priest of Vehumet.
             Mangled by a red ugly thing (21 damage)
             ... on level 13 of the Dungeon on Nov 11, 2016.
             The game lasted 01:17:43 (28890 turns).

Gravenous the Destroyer (Kobold Conjurer)          Turns: 28890, Time: 01:17:43

Health: -6/86      AC:  8    Str:  8    XL:     14   Next: 88%
Magic:  5/28       EV: 21    Int: 20    God:    Vehumet [*****.]
Gold:   416        SH:  6    Dex: 16    Spells: 7 memorised, 6 levels left

rFire  . . .     SeeInvis .     u - +3 dagger (venom)
rCold  + . .     Gourm    .     E - +0 troll leather armour
rNeg   + . .     Faith    .     f - +0 buckler
rPois  +         Spirit   .     Z - +2 hat
rElec  .         Reflect  .     s - +0 cloak (curse)
rCorr  .         Harm     .     J - +0 pair of gloves {archery}
MR     ++...                    (no boots)
Stlth  +++.......               (no amulet)
                                M - ring "Foxku" {rPois rC+ rN+ Str+2}
                                m - ring of protection from magic (curse)

@: no status effects
A: carnivore 3, regeneration 1
a: Renounce Religion


You were on level 13 of the Dungeon.
You worshipped Vehumet.
Vehumet was extremely pleased with you.
You were very full.

You visited 4 branches of the dungeon, and saw 22 of its levels.
You also visited: Sewer.

You collected 2063 gold pieces.
You spent 1647 gold pieces at shops.

Inventory:

Hand Weapons
 u - a +3 dagger of venom (weapon)
 X - a +2 scimitar of flaming
Armour
 f - a +0 buckler (worn)
 s - a cursed +0 cloak (worn)
 E - a +0 troll leather armour (worn)
 J - a +0 pair of gloves of archery (worn)
 U - the +8 orange crystal plate armour {Archmagi, Int+3 Clar}
   (You found it on level 9 of the Dungeon)

   It affects your intelligence (+3).
   It protects you against confusion.
 Z - a +2 hat (worn)
Rods
 P - a +3 rod of inaccuracy (12/12)
   (You found it on level 11 of the Dungeon)
Jewellery
 m - a cursed ring of protection from magic (left hand)
 G - a +6 ring of strength
 L - a cursed -3 ring of slaying {unknown}
 M - the ring "Foxku" (right hand) {rPois rC+ rN+ Str+2}
   (You bought it in a shop on level 9 of the Dungeon)

   [ring of strength]

   It affects your strength (+2).
   It protects you from cold.
   It protects you from poison.
   It protects you from negative energy.
 O - an uncursed ring of positive energy
Wands
 h - a wand of lightning (8/15)
 p - a wand of acid (5/15)
 t - a wand of flame (22/48)
 z - a wand of paralysis (12/24)
 A - a wand of disintegration (14/24)
 I - a wand of acid (1/15)
 Q - a wand of confusion (18/48)
 S - a wand of slowing (20/48)
 V - a wand of acid (8/15)
Scrolls
 e - 4 scrolls of amnesia
 g - a scroll of noise
 q - 2 scrolls of identify
 r - 4 scrolls of teleportation
 w - 3 scrolls of recharging
 y - a scroll of blinking
 C - 2 scrolls of fog
 D - 2 scrolls of remove curse
 K - 2 scrolls of enchant weapon
 R - 3 scrolls of enchant armour
 Y - a scroll of magic mapping
Potions
 b - a potion of berserk rage
 d - 2 potions of might
 i - 6 potions of lignification
 j - 7 potions of curing
 k - 6 potions of flight
 o - 4 potions of heal wounds
 v - 3 potions of agility
 x - a potion of cancellation
 B - 2 potions of brilliance
 F - 3 potions of cure mutation
 H - a potion of invisibility
 N - 2 potions of haste
Books
 T - Husi's Reference Book on the Frostbite and Lightness
   (You bought it in a shop on level 2 of the Orcish Mines)

   Spells                             Type                      Level
   a - Repel Missiles                 Charms/Air                   2
   b - Bolt of Cold                   Conjuration/Ice              6
   c - Conjure Ball Lightning         Conjuration/Air              6
   d - Ozocubu's Refrigeration        Ice                          6
 W - a book of Geomancy

   Spells                             Type                      Level
   a - Sandblast                      Earth                        1
   b - Passwall                       Transmutation/Earth          2
   c - Stone Arrow                    Conjuration/Earth            3
   d - Petrify                        Transmutation/Earth          4
   e - Lee's Rapid Deconstruction     Earth                        5
Comestibles
 c - 6 meat rations
 l - 4 slices of pizza
 n - 6 beef jerkies


   Skills:
 + Level 9.6 Fighting
 - Level 10.0 Dodging
 - Level 7.1 Stealth
 - Level 4.0 Shields
 - Level 10.0 Spellcasting
 - Level 14.6 Conjurations
 - Level 8.3 Charms
 * Level 5.9 Ice Magic


You had 6 spell levels left.
You knew the following spells:

 Your Spells              Type           Power        Failure   Level  Hunger
a - Magic Dart            Conj           ####         1%          1    None
b - Dazzling Spray        Conj/Hex       #####.       1%          3    None
c - Iskenderun's Mystic   Conj           ######..     1%          4    ##.....
d - Iskenderun's Battles  Conj/Chrm      ######..     1%          5    ####...
e - Repel Missiles        Chrm/Air       ####..       3%          2    None
f - Bolt of Cold          Conj/Ice       ######....   9%          6    ######.
g - Freezing Cloud        Conj/Ice/Air   #####.....   50%         6    ######.


Dungeon Overview and Level Annotations

Branches:
Dungeon (14/15)            Temple (1/1) D:5            Lair (5/6) D:11
 Shoals (0/4) Lair:4          Orc (2/2) D:12            Elf (0/3) Orc:2
 Vaults (0/5) D:14
  Snake: Lair:2-4    Spider: Lair:2-4     Slime: Lair:5-6

Altars:
Ashenzari
Cheibriados
Dithmenos
Elyvilon
Fedhas
Gozag
Hepliaklqana
Kikubaaqudgha
Makhleb
Nemelex Xobeh
Okawaru
Qazlal
Ru
Sif Muna
Trog
Uskayaw
Vehumet
Xom
Yredelemnul
Zin
The Shining One
Beogh

Shops:
D:9 =   Orc:2 *([:

Annotations:
D:2 Sigmund
D:8 exclusion: downstairs
D:11 exclusion: orange crystal statue
Lair:1 BadBadger's ghost, novice DsAK


Innate Abilities, Weirdness & Mutations

You are small and have problems with some larger weapons.
You are carnivorous and can eat meat at any time.
Your natural rate of healing is unusually fast.


Message History

The komodo dragon bites you!!
The white ugly thing basks in the mutagenic energy from its kin and changes!
The komodo dragon bites you!!
There is a stone staircase leading up, spattered with blood here.
The komodo dragon misses you.
The red ugly thing trunk-slaps you but does no damage.
You climb upwards.
There is a stone staircase leading down here.
Unknown command.
Unknown command.
The komodo dragon misses you. The red ugly thing trunk-slaps you!
You are engulfed in flames!
* * * LOW HITPOINT WARNING * * *
Blink to where?
Press: ? - help, Dir - move target cursor, f - you
Okay, then.
The red ugly thing trunk-slaps you.
* * * LOW HITPOINT WARNING * * *
You are engulfed in flames!!
You die...

...#.....#......# #...#
...#...###......# ##..#
##+#...#........# #..#
.......#........# #..#
......[#........# #..#
########........# #..#
...............># #..#
..............lu#######..#
................@........#
......)...##'###.........#
..........#....#.........#
..........#....'.........#
..........#....#...#######
###.......#....#...# #
#######.######...#
#..........# #..........#


You could see a red ugly thing and a komodo dragon.

Vanquished Creatures
  Josephine (D:12)
  3 vault guards (D:14)
  2 hydras (D:11)
  A centaur warrior (D:14)
  4 orc high priests
  Nergalle (D:12)
  An unseen horror (D:13)
  5 orc knights
  2 hill giants
  6 ugly things
  A cyclops (D:14)
  5 orc sorcerers
  6 manticores
  2 centaur zombies
  Maurice (D:9)
  2 black mambas
  2 centaur skeletons (D:12)
  9 komodo dragons
  3 spiny frogs
  2 rime drakes
  An efreet (D:13)
  3 yaktaurs (D:14)
  8 trolls
  A two-headed ogre (D:12)
  Prince Ribbit (D:7)
  10 hippogriffs
  A redback (Lair:4)
  A shadow (D:14)
  5 wraiths
  3 vampires
  2 wyverns
  32 yaks
  A basilisk (Lair:4)
  4 hungry ghosts
  2 vampire mosquitoes
  5 wargs
  14 water moccasins
  3 porcupines
  A hell hound (shapeshifter) (D:14)
  5 sky beasts
  5 ice beasts
  24 orc warriors
  3 phantoms
  A necrophage (D:11)
  9 centaurs
  14 ogres
  4 wolves (Lair:3)
  6 crocodiles
  3 big kobolds
  5 bullfrogs
  2 gnoll sergeants (D:9)
  A water moccasin zombie (D:8)
  A wyvern zombie (D:14)
  4 scorpions
  5 wights
  2 electric eels
  6 howler monkeys
  15 crimson imps
  A bullfrog zombie (D:8)
  7 hounds
  16 orc priests
  A jelly (D:10)
  2 bullfrog skeletons
  3 iguanas
  27 orc wizards
  12 worker ants
  2 hound skeletons
  2 worker ant zombies
  16 gnolls
  23 adders
  A river rat (D:3)
  2 shadow imps
  An ooze (D:3)
  An adder zombie (D:8)
  2 worms
  3 dart slugs (D:1)
  10 leopard geckos
  77 orcs
  4 giant cockroaches
  7 goblins
  5 hobgoblins
  21 jackals
  16 kobolds
  4 quokkas
  6 ball pythons
  4 bats
  4 frilled lizards
  4 leopard gecko skeletons
  A quokka skeleton (D:10)
  15 rats
  A plant (D:11)
573 creatures vanquished.

Vanquished Creatures (others)
  An orc wizard (D:6)
  18 fungi
  3 plants
22 creatures vanquished.

Grand Total: 595 creatures vanquished

Notes
Turn   | Place    | Note
-------+----------+-------------------------------------------
     0 | D:1      | Gravenous the Kobold Conjurer began the quest for the Orb.
     0 | D:1      | Reached XP level 1. HP: 10/10 MP: 3/3
   257 | D:1      | Reached XP level 2. HP: 15/15 MP: 3/5
   616 | D:1      | Reached XP level 3. HP: 19/19 MP: 0/6
   936 | D:2      | Learned a level 3 spell: Dazzling Spray
   981 | D:2      | Reached XP level 4. HP: 24/24 MP: 4/7
  1019 | D:2      | Noticed Sigmund
  2021 | D:3      | Reached XP level 5. HP: 28/28 MP: 5/8
  2932 | D:3      | Reached skill level 5 in Conjurations
  2963 | D:4      | Found a glowing drain.
  2972 | D:4      | Got a warped whip
  2978 | Sewer    | Entered a sewer
  2979 | Sewer    | Identified the cursed +2 whip "Gravenous's Bane" {venom, Dex+4} (You found it on level 4 of the Dungeon)
  3026 | Sewer    | Noticed a big kobold
  3053 | Sewer    | Killed a big kobold
  3053 | Sewer    | Reached skill level 1 in Shields
  3053 | Sewer    | Reached XP level 6. HP: 18/32 MP: 1/9
  3071 | Sewer    | Found a white marble altar of Elyvilon.
  3245 | D:4      | Learned a level 4 spell: Iskenderun's Mystic Blast
  3303 | D:4      | Reached skill level 5 in Stealth
  3575 | D:4      | Reached XP level 7. HP: 28/36 MP: 6/10
  3659 | D:3      | Reached skill level 6 in Conjurations
  4102 | D:4      | Got a steaming war axe
  4103 | D:4      | Identified the cursed +0 war axe "Atef" {antimagic, *Noise rC+ Str+2} (You found it on level 4 of the Dungeon)
  4747 | D:4      | Reached XP level 8. HP: 37/41 MP: 8/11
  4977 | D:5      | Entered Level 5 of the Dungeon
  5331 | D:5      | Reached skill level 7 in Conjurations
  5537 | D:5      | Found a staircase to the Ecumenical Temple.
  5543 | Temple   | Entered the Ecumenical Temple
  6072 | D:5      | Found a shimmering altar of Xom.
  6240 | D:5      | Reached skill level 1 in Fighting
  6500 | D:6      | Reached XP level 9. HP: 47/47 MP: 6/13
  6639 | D:6      | Reached skill level 8 in Conjurations
  7231 | D:6      | Found a sacrificial altar of Ru.
  7231 | D:6      | Found a stormy altar of Qazlal.
  7233 | D:6      | Found a sparkling altar of Nemelex Xobeh.
  7236 | D:6      | Found a basalt altar of Yredelemnul.
  7237 | D:6      | Found a deep blue altar of Sif Muna.
  7237 | D:6      | Found a white marble altar of Elyvilon.
  7237 | D:6      | Found a radiant altar of Vehumet.
  7237 | D:6      | Found an opulent altar of Gozag.
  7238 | D:6      | Found a hide-covered altar of Uskayaw.
  7242 | D:6      | Found an ancient bone altar of Kikubaaqudgha.
  7245 | D:6      | Became a worshipper of Vehumet
  7438 | D:7      | Noticed Prince Ribbit
  7441 | D:7      | Killed Prince Ribbit
  7546 | D:7      | Found a shattered altar of Ashenzari.
  7638 | D:7      | Found a blossoming altar of Fedhas.
  7824 | D:7      | Learned a level 5 spell: Iskenderun's Battlesphere
  8202 | D:8      | Reached skill level 1 in Charms
  8578 | D:8      | Noticed a hippogriff
  8624 | D:8      | Killed a hippogriff
  8957 | D:8      | Reached * piety under Vehumet
  8957 | D:8      | Offered knowledge of Shock by Vehumet.
  8965 | D:8      | Reached XP level 10. HP: 27/58 MP: 5/17
  9150 | D:8      | Reached skill level 5 in Spellcasting
  9424 | D:9      | Reached skill level 5 in Fighting
  9548 | D:9      | Found Nietareg's Jewellery Boutique.
  9559 | D:9      | Bought the ring "Foxku" {rPois rC+ rN+ Str+2} for 388 gold pieces
 10217 | D:9      | Noticed Maurice
 10453 | D:9      | Killed Maurice
 10662 | D:9      | Reached skill level 5 in Charms
 10994 | D:10     | Entered Level 10 of the Dungeon
 12483 | D:10     | Offered knowledge of Throw Flame by Vehumet.
 12670 | D:10     | Reached ** piety under Vehumet
 12842 | D:10     | Reached skill level 9 in Conjurations
 12842 | D:10     | Reached XP level 11. HP: 64/64 MP: 6/20
 13251 | D:11     | Found a staircase to the Lair.
 13251 | D:11     | Noticed a purple ugly thing
 13283 | D:11     | Killed a purple ugly thing
 13422 | D:11     | Noticed an eight-headed hydra
 15098 | D:9      | Identified a +3 rod of inaccuracy (12/12) (You found it on level 11 of the Dungeon)
 15192 | D:11     | Killed an eight-headed hydra
 15270 | D:11     | Noticed a six-headed hydra
 15278 | D:11     | Killed a six-headed hydra
 15278 | D:11     | Reached skill level 10 in Conjurations
 15357 | D:11     | Noticed an orange crystal statue
 15938 | Lair:1   | Entered Level 1 of the Lair of Beasts
 15988 | Lair:1   | Noticed BadBadger's ghost (novice DsAK)
 16180 | Lair:2   | Reached XP level 12. HP: 66/70 MP: 5/22
 16337 | Lair:2   | Offered knowledge of Throw Frost by Vehumet.
 16367 | Lair:2   | Reached skill level 5 in Dodging
 17472 | Lair:3   | Reached *** piety under Vehumet
 19257 | Lair:4   | Found a staircase to the Shoals.
 19428 | Lair:4   | Reached skill level 10 in Spellcasting
 19568 | Lair:4   | Offered knowledge of Static Discharge by Vehumet.
 19882 | Lair:5   | Reached skill level 11 in Conjurations
 20101 | Lair:5   | Reached XP level 13. HP: 74/74 MP: 17/27
 20106 | Lair:5   | Gained mutation: Your natural rate of healing is unusually fast. [potion of beneficial mutation]
 21016 | D:11     | Reached **** piety under Vehumet
 21129 | D:12     | Noticed Nergalle
 21364 | D:11     | Offered knowledge of Olgreb's Toxic Radiance by Vehumet.
 21364 | D:11     | Reached skill level 12 in Conjurations
 21508 | D:12     | Noticed Josephine
 21515 | D:12     | Killed Josephine
 21709 | D:12     | Killed Nergalle
 22461 | D:12     | Reached ***** piety under Vehumet
 22469 | D:12     | Reached skill level 13 in Conjurations
 22527 | D:12     | Reached skill level 10 in Dodging
 22592 | D:12     | Found a staircase to the Orcish Mines.
 22623 | D:12     | Offered knowledge of Airstrike by Vehumet.
 23405 | Orc:1    | Entered Level 1 of the Orcish Mines
 23579 | D:12     | Upgraded the game from 0.19.0-17-g07987d3 to 0.19.0-18-g426998a
 23945 | Orc:1    | Found a roughly hewn altar of Beogh.
 24112 | Orc:1    | Reached XP level 14. HP: 82/82 MP: 13/28
 24285 | Orc:2    | Entered Level 2 of the Orcish Mines
 24293 | Orc:2    | Noticed an orc warlord
 24566 | Orc:1    | Reached skill level 14 in Conjurations
 24757 | Orc:2    | Found Zeweusak's General Store.
 25704 | Orc:2    | Found a roughly hewn altar of Beogh.
 25718 | Orc:2    | Found Taapafas's Book Shoppe.
 25784 | Orc:2    | Found Tieguadupt's Antique Weapon Shoppe.
 25823 | Orc:2    | Bought Husi's Reference Book on the Frostbite and Lightness for 944 gold pieces
 25839 | Orc:1    | Learned a level 2 spell: Repel Missiles
 25846 | Orc:1    | Learned a level 6 spell: Bolt of Cold
 25955 | Orc:2    | Found a staircase to the Elven Halls.
 26009 | Orc:2    | Found Yngua's Antique Armour Boutique.
 26017 | Orc:2    | Bought a pair of embroidered gloves for 315 gold pieces
 26031 | Orc:2    | Reached skill level 1 in Ice Magic
 26277 | Orc:2    | Found a bloodstained altar of Trog.
 26296 | Orc:2    | Offered knowledge of Freezing Cloud by Vehumet.
 26392 | Orc:2    | Learned a level 6 spell: Freezing Cloud
 27558 | D:14     | Found a gate to the Vaults.
 28392 | D:14     | Reached skill level 5 in Ice Magic
 28890 | D:13     | Mangled by a red ugly thing

Skill      XL: |  1  2  3  4  5  6  7  8  9 10 11 12 13 14 |
---------------+-------------------------------------------+-----
Stealth        | 3 4 5 6 7 |  7.1
Dodging        | 3 4 8 10 | 10.0
Conjurations   | 5 6 7 8 9 10 11 13 14 | 14.6
Shields        | 1 3 4 |  4.0
Fighting       | 1 4 6 7 9 |  9.6
Spellcasting   | 3 4 6 7 10 | 10.0
Charms         | 3 6 8 |  8.3
Ice Magic      | 5 |  5.9

Action                   |  1- 3 |  4- 6 |  7- 9 | 10-12 | 13-15 || total
-------------------------+-------+-------+-------+-------+-------++-------
Melee: Unarmed           |     2 |       |     4 |       |       ||     6
       Dagger            |     5 |    72 |   330 |   348 |   271 ||  1026
       Mace              |     7 |    33 |    17 |     4 |       ||    61
       Whip              |       |     5 |       |       |       ||     5
 Cast: Magic Dart        |    50 |    78 |   208 |   271 |   158 ||   765
       Dazzling Spray    |       |     8 |    14 |    34 |    12 ||    68
       Iskenderun's Myst |       |       |     8 |    80 |   196 ||   284
       Iskenderun's Batt |       |       |       |    55 |    67 ||   122
       Bolt of Cold      |       |       |       |       |    32 ||    32
Evoke: Wand              |       |       |       |     3 |     1 ||     4
  Use: Scroll            |       |    12 |     7 |    11 |     5 ||    35
       Potion            |       |       |     2 |       |     1 ||     3
 Stab: Sleeping          |       |     6 |     5 |     6 |     6 ||    23
       Invisible         |       |     4 |     2 |     8 |       ||    14
       Distracted        |       |     1 |     1 |       |       ||     2
       Paralysed         |       |       |       |       |     1 ||     1
  Eat: Chunk             |     9 |    10 |    21 |    61 |    64 ||   165
Armor: Robe              |     3 |    16 |    26 |    23 |    37 ||   105
       Troll leather arm |       |       |       |       |    14 ||    14
Dodge: Dodged            |    25 |    95 |   231 |   221 |   354 ||   926
Block: Buckler           |       |       |    44 |    80 |   112 ||   236
